 Dungeon Crawl Stone Soup version 0.30.0-10-gfe55d96785 (webtiles) character file.

Game seed: 3201669311139109535

1587 hito the Skirmisher (level 9, -16/68 HPs)
             Began as a Formicid Hunter on May 13, 2023.
             Demolished by a two-headed ogre
             ... wielding a +0 giant spiked club
              (28 damage)
             ... on level 6 of the Dungeon.
             The game lasted 00:12:09 (4532 turns).

hito the Skirmisher (Formicid Hunter)               Turns: 4532, Time: 00:12:10

Health: -16/68     AC:  5    Str: 16    XL:     9   Next: 14%
Magic:  9/9        EV: 18    Int:  9    God:
Gold:   494        SH:  0    Dex: 21    Spells: 8/8 levels left

rFire   . . .        x - +0 flail (venom)
rCold   . . .        (no shield)
rNeg    . . .        c - +0 leather armour
rPois   .            (helmet unavailable)
rElec   .            g - +0 cloak
rCorr   .            (no gloves)
SInv    +            l - +0 pair of boots
Will    .....        q - amulet of regeneration
Stlth   ++           f - +5 ring of evasion
HPRegen 1.11/turn    k - ring of wizardry
MPRegen 0.11/turn

%: wizardry (x1)
@: no status effects
A: permanent stasis, dig shafts and tunnels, antennae 3, four strong arms
a: Dig, Shaft Self


You were on level 6 of the Dungeon.
You visited 1 branch of the dungeon, and saw 6 of its levels.

You collected 494 gold pieces.

Inventory:

Hand Weapons
 a - a +0 shortbow
 n - a +0 sling of freezing
 x - a +0 flail of venom (weapon)
Armour
 c - a +0 leather armour (worn)
 g - a +0 cloak (worn)
 l - a +0 pair of boots (worn)
Jewellery
 f - a +5 ring of evasion (left hand)
 k - a ring of wizardry (right hand)
 q - an amulet of regeneration (around neck)
Scrolls
 b - 2 scrolls of immolation
 m - a scroll of noise
 p - a scroll of amnesia
 s - a scroll of magic mapping
 v - a scroll of blinking {unknown}
Potions
 d - a potion of mutation {unknown}
 e - 3 potions of attraction {unknown}
 h - 6 potions of curing {unknown}
 i - 3 potions of degeneration {unknown}
 j - 2 potions of haste
 o - a potion of resistance {unknown}
 r - a potion of brilliance {unknown}
 t - a potion of might {unknown}
 u - a potion of magic {unknown}
 w - a potion of heal wounds {unknown}


   Skills:
 + Level 5.5 Fighting
 + Level 10.5 Ranged Weapons
 + Level 2.4 Dodging
 - Level 1.2 Stealth


You had 8 spell levels left.
You didn't know any spells.
Your spell library contained the following spells:

 Spells                   Type           Power      Damage    Failure   Level
 Beastly Appendage        Tmut           0%         N/A       21%         1
 Lesser Beckoning         Tloc           0%         N/A       28%         2
 Wereblood                Tmut           0%         N/A       28%         2
 Gell's Gravitas          Tloc           0%         N/A       50%         3
 Ozocubu's Armour         Ice            0%         N/A       50%         3
 Spider Form              Tmut/Pois      0%         N/A       50%         3
 Teleport Other           Tloc           0%         N/A       50%         3
 Metabolic Englaciation   Hex/Ice        0%         N/A       99%         5
 Simulacrum               Ice/Necr       0%         N/A       100%        6


Dungeon Overview and Level Annotations

Branches:
Dungeon (6/15)             Temple (0/1) D:6

Altars:
Ashenzari
Sif Muna
Trog
Uskayaw
Xom

Annotations:
D:5 Ijyb
D:6 2 runed translucent doors, greasedhog's ghost, novice FoFi


Innate Abilities, Weirdness & Mutations

You cannot be hasted, slowed, berserked, paralysed or teleported.
You can dig through walls and to a lower floor.
You have a pair of large antennae on your head. (SInv)
Your four strong arms can wield two-handed weapons with a shield.


Message History

Press: ? - help, Q - select action, (/) - cycle Shift-Dir - straight line, f/p - two-headed ogre
Aim: a two-headed ogre, wielding a +0 giant spiked club and a +0 giant club (moderately wounded, 79% to hit)
You shoot a sling bullet.
The sling bullet hits the two-headed ogre but does no damage.
The two-headed ogre is moderately wounded.
Fire: n) +0 sling (freeze)
Press: ? - help, Q - select action, (/) - cycle Shift-Dir - straight line, f/p - two-headed ogre
Aim: a two-headed ogre, wielding a +0 giant spiked club and a +0 giant club (moderately wounded, 79% to hit)
You shoot a sling bullet.
The sling bullet hits the two-headed ogre.
The sling bullet freezes the two-headed ogre.
The two-headed ogre is moderately wounded.
Your +0 sling of freezing stops glowing.
Your +0 flail of venom begins to drip with poison!
x - a +0 flail of venom (weapon)
You sock the two-headed ogre!
The two-headed ogre is poisoned.
The two-headed ogre is heavily wounded.
The two-headed ogre misses you.
The two-headed ogre hits you with a +0 giant club!
You hit the two-headed ogre.
The two-headed ogre looks as sick as possible!
The two-headed ogre is heavily wounded.
The two-headed ogre hits you with a +0 giant spiked club!!
The two-headed ogre completely misses you.
The two-headed ogre attacks as you move away!
The two-headed ogre misses you.
The two-headed ogre hits you with a +0 giant club!
* * * LOW HITPOINT WARNING * * *
You barely miss the two-headed ogre.
The two-headed ogre is heavily wounded.
The two-headed ogre closely misses you. x2
You barely miss the two-headed ogre.
The two-headed ogre is severely wounded.
The two-headed ogre completely misses you.
The two-headed ogre hits you with a +0 giant club!
* * * LOW HITPOINT WARNING * * *
You hit the two-headed ogre.
The two-headed ogre is severely wounded.
The two-headed ogre hits you with a +0 giant spiked club!!
You die...

.#.8.#..!.##
#.##~.?≈~
..)........## #.#
##.#~
..#.#.......######.#
###
...).......#......#
#.#........#.######
#......)..##.#
##...#†..###.# ##
##O####.# #.@....#
########


You could see a two-headed ogre (very poisoned).

Vanquished Creatures
  3 black bears
  2 centaurs (D:5)
  4 ogres
  A phantom (D:5)
  3 scorpions
  A hound (D:6)
  Crazy Yiuf (D:4)
  A gnoll bouda (D:6)
  An orc priest (D:5)
  A sleepcap (D:5)
  5 iguanas
  2 orc wizards
  5 gnolls (D:6)
  12 adders
  2 worms
  4 dart slugs
  10 orcs
  7 bats
  12 endoplasms
  2 goblins
  5 hobgoblins
  3 jackals (D:4)
  2 quokkas
  4 ball pythons
  4 frilled lizards
  6 kobolds
  5 rats
108 creatures vanquished.

Notes
Turn   | Place    | Note
-------+----------+-------------------------------------------
     0 | D:1      | hito the Formicid Hunter began the quest for the Orb.
     0 | D:1      | Reached XP level 1. HP: 16/16 MP: 1/1
   308 | D:1      | Reached XP level 2. HP: 23/23 MP: 2/2
   440 | D:1      | Reached XP level 3. HP: 29/29 MP: 3/3
  1012 | D:2      | Found a faded altar of an unknown god.
  1155 | D:2      | Reached XP level 4. HP: 28/35 MP: 4/4
  1424 | D:2      | Reached skill level 5 in Ranged Weapons
  1631 | D:2      | You fall into a shaft and drop 1 floor!
  1646 | D:3      | Reached XP level 5. HP: 42/42 MP: 5/5
  2541 | D:4      | Found a shimmering altar of Xom.
  2606 | D:4      | Reached XP level 6. HP: 49/49 MP: 6/6
  2619 | D:4      | Noticed a black bear
  2628 | D:4      | Killed a black bear
  2629 | D:4      | Reached skill level 5 in Fighting
  2629 | D:4      | Reached skill level 6 in Ranged Weapons
  2761 | D:4      | Noticed a black bear
  2815 | D:4      | Noticed an ogre
  2827 | D:4      | Killed an ogre
  2828 | D:4      | Reached XP level 7. HP: 56/56 MP: 7/7
  2907 | D:4      | Reached skill level 7 in Ranged Weapons
  3048 | D:4      | Found a bloodstained altar of Trog.
  3077 | D:4      | Found a broken altar of Ashenzari.
  3227 | D:4      | Found a hide-covered altar of Uskayaw.
  3425 | D:4      | Found a runed translucent door.
  3426 | D:4      | Noticed Crazy Yiuf
  3435 | D:4      | Killed Crazy Yiuf
  3561 | D:5      | Entered Level 5 of the Dungeon
  3576 | D:5      | Found a shimmering blue altar of Sif Muna.
  3603 | D:5      | Reached skill level 8 in Ranged Weapons
  3688 | D:5      | Reached XP level 8. HP: 61/62 MP: 8/8
  3711 | D:5      | Noticed Ijyb
  3808 | D:5      | Reached skill level 9 in Ranged Weapons
  4165 | D:5      | Reached skill level 10 in Ranged Weapons
  4295 | D:6      | Reached XP level 9. HP: 68/68 MP: 9/9
  4391 | D:6      | Found a large runed translucent door.
  4392 | D:6      | Found a large runed translucent door.
  4394 | D:6      | Noticed greasedhog's ghost (novice FoFi)
  4443 | D:6      | Noticed a two-headed ogre
  4517 | D:6      | Found a staircase to the Ecumenical Temple.
  4532 | D:6      | Demolished by a two-headed ogre

Illustrated notes

Levels and vault maps discovered:
D:1:      onia_arrival_mini_maze_b, layout_basic
D:2:      layout_loops_ring, nicolae_ecumenical_oubliette
D:3:      layout_basic, amethyst_killhole
D:4:      layout_basic, trog_ov_bears_minmay, lemuel_round_altar,
          kennysheep_little_box, mainiacjoe_overflow_surrounded_room,
          uniq_crazy_yiuf_cottage
D:5:      layout_cave_pools, amcnicky_altar_gilded, uniq_ijyb
D:6:      minmay_chambers_of_threes, layout_loops_corners,
          minmay_temple_entry_sparse_star, ebering_ghost_disaster_area

Skill      XL: |  1  2  3  4  5  6  7  8  9 |
---------------+----------------------------+-----
Fighting       | 3 4 5 |  5.5
Ranged Weapons | 5 6 8 10 | 10.5
Dodging        | 2 |  2.4
Stealth        | |  1.2

Action                     |  1- 3 |  4- 6 |  7- 9 || total
---------------------------+-------+-------+-------++-------
  Melee: Flail             |       |       |     5 ||     5
   Fire: Shortbow          |    51 |     8 |       ||    59
         Sling             |       |   135 |   259 ||   394
    Use: Scroll            |       |     2 |     2 ||     4
 Armour: Leather armour    |     7 |    10 |    10 ||    27
  Dodge: Dodged            |    12 |    59 |   109 ||   180
